[Event "*** Titled Tuesday Blitz"]
[Site "Chess.com"]
[Date "2020.10.20"]
[Round "2"]
[White "K_A_S_T_O_R"]
[Black "PotapovaM"]
[Result "1-0"]
[WhiteElo "2833"]
[BlackElo "2523"]
[TimeControl "180+1"]
[EndTime "10:19:04 PDT"]
[Termination "K_A_S_T_O_R won by resignation"]

1. e4 c5 2. Nf3 d6 3. d4 cxd4 4.
Nxd4 Nf6 5. Nc3 a6 6. Bg5 e6 7. f4 h6 8. Bh4 Qb6 9. Bxf6 gxf6 10. Qd2 h5 11. O-O-O Nc6 12. Nb3 h4 13. Kb1 Bd7 14. Be2 O-O-O 15. Rhf1 Kb8 16. Qe1 Be7 17. Rf3 Rhg8 18.
Bf1 a5 19. Qxh4 f5 20. Qe1 fxe4 21. Qxe4 Nb4 22. Qd4 Qc7 23. a3 Nc6 24. Qf2 Na7 25. Rd4 d5 26. Rd1 Bf6 27. g3 Rc8 28. Qd2 a4 29. Nc1 Qb6 30. N1a2 Rc5 31. Nb4 Rgc8 32.
Nca2 Nc6 33. c3 Na5 34. Nc1 Bb5 35. Ncd3 R5c7 36. Qf2 Qd6 37. Ne5 Nc4 38. Bxc4 Bxc4 39. Nxc4 Rxc4 40. Rfd3 Qc7 41. Qd2 Be7 42. Nc2 Qb6 43.
Ka1 Qb3 44. Nd4 Qb6 45. h4 Bc5 46. h5 Rh8 47. g4 Qd6 48. Rf1 Rc8 49. Ka2 Qb6 50.
Qd1 Qa5 51. g5 Bf8 52. h6 Qa6 53. Rh1 Qb6 54. Nf3 R4c5 55. Ne5 Ka8 56. Qxa4+ Ra5 57. Qb3 Qa6 58. Rd4 Rb5 59. Ra4 Ra5 60. Rxa5 Qxa5 61. Nxf7 Be7 62. h7 1-0

[Event "*** Titled Tuesday Blitz"]
[Site "Chess.com"]
[Date "2020.10.20"]
[Round "2"]
[White "KyrgyzFighter"]
[Black "denispopov"]
[Result "1-0"]
[WhiteElo "2362"]
[BlackElo "1957"]
[TimeControl "180+1"]
[EndTime "10:19:04 PDT"]
[Termination "KyrgyzFighter won on time"]

1. c4 Nf6 2. Nc3 g6 3. e4 d6 4. d4 Bg7 5. f3 O-O 6. Be3 Nbd7 7. Qd2 e5 8. d5 Nh5 9. Bd3 f5 10. exf5 gxf5 11. O-O-O b6 12. Nge2 Nc5 13. Bc2 a6 14. h4 f4 15. Bxc5 bxc5 16. Ne4 Bf5 17. Rdg1 Rb8 18.
g4 fxg3 19. N2xg3 Nxg3 20. Rxg3 Kh8 21. Rhg1 Rg8 22. Ng5 Qf6 23. Bxf5 Qxf5 24. Qc2 Rbf8 25. b3 h6 26. Ne6 Qxc2+ 27. Kxc2 Rf7 28. Rg6 Kh7 29.
h5 Re7 30. Kd3 Rf7 31. Ke4 Re7 32. R1g4 Rf7 33. Rg3 Re7 34. R3g4 Rf7 35. f4 exf4 36. Rxf4 Rxf4+ 37. Nxf4 Be5 38. Rxg8 Kxg8 39. Ne6 Kf7 40. Nxc7 a5 41. a4 Bc3 42. Nb5 Be5 43. Na7 Bc3 44. Nc6 Bb4 45. Kf5 Bc3 46. Nd8+ Ke7 47. Ne6 Kf7 48. Nf4 Be5 49. Nd3 Bc3 50. Nf2 Ke7 51. Ng4 Kf7 52. Nxh6+ Kg7 53. Ng4 Bd2 54. Ke6 Bf4 55. Nf6 Be5 56. Ne8+ 1-0

[Event "*** Titled Tuesday Blitz"]
[Site "Chess.com"]
[Date "2020.10.20"]
[Round "2"]
[White "Flawless_Fighter"]
[Black "Smirnov_Pavel"]
[Result "0-1"]
[WhiteElo "2563"]
[BlackElo "2871"]
[TimeControl "180+1"]
[EndTime "10:19:05 PDT"]
[Termination "Smirnov_Pavel won by checkmate"]

1. d4 Nf6 2. c4 e6 3. g3 d5 4.
Bg2 Be7 5. Nf3 O-O 6. O-O c6 7. Qc2 b6 8. Rd1 Nbd7 9. Nc3 Bb7 10. b3 Ba6 11. Nd2 b5 12. a4 bxc4 13. bxc4 Rb8 14.
e3 Nb6 15. c5 Nc4 16. Nxc4 Bxc4 17. Rb1 Qc7 18. Bd2 Nd7 19. e4 Rxb1 20. Rxb1 Rb8 21. Bf4 Rxb1+ 22. Qxb1 Qa5 23. Bd2 Qa6 24. Qb4 h6 25. h4 Bf6 26. e5 Bd8 27. Nd1 Be2 28.
Nb2 Bc7 29. Kh2 Bf1 30. Kg1 Bxg2 31. Kxg2 f5 32. exf6 Nxf6 33. Qb3 Ne4 34. Be3 Qe2 35. Qb7 Bxg3 36. Qc8+ Kh7 37. Qxe6 Bxh4 38. Qf5+ Kg8 39. Qe6+ Kf8 40. Qc8+ Kf7 41. Qd7+ Kg6 42. Qe6+ Bf6 43. Qxc6 Qxb2 44. Qxd5 Qc2 45. Qe6 Ng5 46. Qe8+ Kh7 47. Bxg5 Bxg5 48. c6 Qc4 49. Qd7 Qd3 50. Qd5 Qg6 51. c7 Bf4+ 52. Kf3 Bxc7 53. Qd7 Bb6 54. d5 Qf6+ 55. Ke4 Qxf2 56. d6 Qd4+ 57. Kf5 Qd5+ 58. Kf4 Bc5 59. Qe8 Bxd6+ 60. Kg4 h5+ 61. Kh3 Qf3+ 62.
Kh4 Qg4# 0-1

[Event "*** Titled Tuesday Blitz"]
[Site "Chess.com"]
[Date "2020.10.20"]
[Round "2"]
[White "Guriempire"]
[Black "SARGISMV"]
[Result "1-0"]
[WhiteElo "2803"]
[BlackElo "2507"]
[TimeControl "180+1"]
[EndTime "10:19:05 PDT"]
[Termination "Guriempire won by resignation"]

1. c4 c5 2. Nc3 Nc6 3. g3 g6 4. Bg2 Bg7 5. b3 Nh6 6. Bb2 O-O 7. e3 Nf5 8. Nge2 d6 9. O-O Rb8 10. d3 a6 11. Qd2 Bd7 12. Rad1 b5 13. Ne4 Bxb2 14.
Qxb2 Qc7 15. Qc3 Ne5 16. Nf4 Bc6 17. d4 Nd7 18. dxc5 Nxc5 19. Nxc5 dxc5 20. cxb5 Bxg2 21.
Kxg2 axb5 22. Rd5 Rfc8 23. Rfd1 c4 24. Kg1 b4 25. Qxc4 Qxc4 26. bxc4 Rxc4 27. Rd7 Rc2 28. g4 Nh4 29. Ra7 e5 30. Nd5 Kg7 31. h3 e4 32. Kh2 Rxf2+ 33. Kg3 Rf3+ 34. Kxh4 h6 35.
Rh1 Rb5 36. Rd7 Rf2 37. Kg3 Rd2 38. Nf6 Rxa2 39. Rf1 Ra3 40. Ne8+ Kf8 41. Nd6 Rxe3+ 42.
Kh2 Rf3 43. Rxf3 exf3 44. Rxf7+ Kg8 45. Rxf3 Rb6 46. Nc4 Rb8 47. Rb3 Kg7 48. Kg3 Kf6 49. Na5 Rb6 50. Nc4 Rb5 51. Nd6 Ke6 52. Nxb5 Kd5 53.
Rxb4 Kc5 54. Rb1 h5 55. Nc3 h4+ 56. Kxh4 Kd4 57. Kg5 Kxc3 58. Kxg6 Kd3 59. Rb8 1-0

[Event "*** Titled Tuesday Blitz"]
[Site "Chess.com"]
[Date "2020.10.20"]
[Round "2"]
[White "kai_nov"]
[Black "Caterpiller35"]
[Result "0-1"]
[WhiteElo "2243"]
[BlackElo "2437"]
[TimeControl "180+1"]
[EndTime "10:19:05 PDT"]
[Termination "Caterpiller35 won on time"]

1. d4 Nf6 2. c4 e6 3. Nc3 Bb4 4. f3 Nc6 5. e4 d5 6. cxd5 exd5 7. e5 Ng8 8. Be3 Nh6 9. Qd2 Nf5 10.
Bf2 O-O 11. a3 Ba5 12. g4 Nh4 13. Be3 f6 14. O-O-O Ng6 15. exf6 Bxc3 16. Qxc3 Qxf6 17. h4 Nf4 18. Nh3 Ne6 19. Be2 Bd7 20. f4 Rae8 21. g5 Qf5 22. Bd3 Qg4 23. Nf2 Qf3 24. Rh3 Qh5 25. f5 Ned8 26. f6 Bxh3 27. Nxh3 Rxe3 28.
Bxh7+ Kxh7 29. Qxe3 Re8 30. Qg3 Ne6 31. Re1 Nexd4 32.
Rxe8 Qxe8 33. Nf4 Ne2+ 34. Nxe2 Qxe2 35. g6+ Kg8 36. f7+ Kf8 37. Qxc7 Qc4+ 38. Kb1 Qd3+ 39.
Ka1 Qf1+ 40. Ka2 Qc4+ 41. Kb1 Qe4+ 42. Ka1 Qxg6 43. Qxb7 Ne7 44. Qxa7 Kxf7 45. Qd4 Qf6 46. Qg4 d4 47. h5 Qe6 48. Qf3+ Nf5 49. Qb7+ Kf6 50.
Qf3 Qe1+ 51. Ka2 Qe3 52. Qc6+ Qe6+ 0-1

[Event "*** Titled Tuesday Blitz"]
[Site "Chess.com"]
[Date "2020.10.20"]
[Round "2"]
[White "Savagelittlemole"]
[Black "Duhless"]
[Result "0-1"]
[WhiteElo "2610"]
[BlackElo "3007"]
[TimeControl "180+1"]
[EndTime "10:19:06 PDT"]
[Termination "Duhless won by resignation"]

1. e4 Nc6 2. Nf3 d5 3. exd5 Qxd5 4. Nc3 Qh5 5. Be2 Bg4 6. d3 O-O-O 7. O-O e5 8. h3 Bxf3 9. Bxf3 Qg6 10. Be3 f5 11.
Bxc6 Qxc6 12. Bg5 Be7 13. Bxe7 Nxe7 14. Qe2 Ng6 15. a4 Nf4 16. Qf3 Qxf3 17. gxf3 Rd6 18. Rfe1 Rg6+ 19. Kh1 Re8 20. Rg1 Nxh3 21. Rxg6 hxg6 22.
Kg2 Nf4+ 23. Kg1 Kd7 24. a5 c6 25. a6 b5 26. Re1 g5 27. Ne2 Nxe2+ 28. Rxe2 c5 29.
c3 Re6 30. Kg2 c4 31. dxc4 bxc4 32. Rd2+ Rd6 33. Re2 Ke6 34. Re1 Rxa6 35. Rd1 Rb6 36. Rd8 Rxb2 37. Rc8 Rb6 38. Rxc4 a5 39. Ra4 Ra6 40.
Kg3 Kd5 41. Kg2 Kc5 42. c4 Ra8 43. Kf1 Kb6 44. Ke2 Rd8 45. Ra1 Ra8 46. Kd3 a4 47. Kc3 a3 48. Kb3 Kc5 49. Ra2 Ra7 50. Kc3 Ra4 51.
Kb3 Ra8 52. Kc3 g6 53. Kb3 g4 54. fxg4 fxg4 55. Kc3 Rf8 56. Kb3 Rf3+ 57. Ka4 Kxc4 58. Rc2+ Kd4 59. Rd2+ Ke4 60. Re2+ Kf4 61. Ra2 e4 62.
Kb4 g5 63. Kc4 Rd3 64. Re2 Kf3 65. Ra2 g3 66. fxg3 g4 67. Rc2 Kxg3 68. Re2 Kf3 69. Ra2 g3 0-1

[Event "*** Titled Tuesday Blitz"]
[Site "Chess.com"]
[Date "2020.10.20"]
[Round "2"]
[White "eljanov"]
[Black "AleksibFan"]
[Result "1-0"]
[WhiteElo "2882"]
[BlackElo "2571"]
[TimeControl "180+1"]
[EndTime "10:19:06 PDT"]
[Termination "eljanov won on time"]

1. Nf3 d5 2. g3 Nf6 3. Bg2 g6 4. O-O Bg7 5. d4 O-O 6. c4 c6 7.
Qb3 Qb6 8. Nc3 dxc4 9. Qxc4 Bf5 10. Re1 Ne4 11. Nh4 Bxd4 12. Nxe4 Bxe4 13. Bxe4 Bxf2+ 14. Kf1 Bxe1 15. Kxe1 Qg1+ 16. Kd2 Nd7 17. Kc2 Nf6 18. Nf3 Qh1 19. b3 b5 20. Qd3 Rfd8 21. Bb2 Qg2 22. Ng5 Qxh2 23. Qf3 Qh6 24. Bxf6 exf6 25. Qxf6 Rd7 26. Rh1 Qg7 27. Qxg7+ Kxg7 28. Rxh7+ Kf6 29. Nf3 Re8 30. Bd3 a6 31. b4 c5 32. bxc5 Rc7 33. Rh4 Rxc5+ 34. Kd2 Rd5 35. Rf4+ Kg7 36. g4 Red8 37.
Re4 a5 38. Re7 R8d7 39. Re8 Rd8 40. Re4 b4 41. Kc2 Rc5+ 42. Kb3 Rdc8 43. Ka4 Rc3 44. Kxa5 b3 45. axb3 Rxb3 46. Ba6 Ra8 47. Ra4 Re3 48. Nd4 Re4 49. Kb6 Kf6 50. g5+ Ke7 51. Nc6+ 1-0

[Event "*** Titled Tuesday Blitz"]
[Site "Chess.com"]
[Date "2020.10.20"]
[Round "2"]
[White "XDPS"]
[Black "AwareIdea"]
[Result "1/2-1/2"]
[WhiteElo "2721"]
[BlackElo "2469"]
[TimeControl "180+1"]
[EndTime "10:19:07 PDT"]
[Termination "Game drawn - insufficient material"]

1. e4 e5 2. Nf3 Nc6 3. Bb5 Nf6 4. O-O Nxe4 5. d4 Nd6 6. Bxc6 dxc6 7. dxe5 Nf5 8.
Qxd8+ Kxd8 9. Nc3 Bd7 10. h3 Kc8 11. Rd1 Be7 12. b3 b6 13. Ne4 h6 14. c4 Be6 15. g4 Nh4 16. Nxh4 Bxh4 17. f4 g6 18. Kg2 Rd8 19. Be3 Kb7 20. Rf1 Rd3 21. Rf3 Re8 22. Bf2 Rxf3 23. Kxf3 Be7 24. Rd1 a5 25. a4 h5 26. Ng3 hxg4+ 27. hxg4 Rh8 28. f5 gxf5 29. gxf5 Bc8 30. f6 Bb4 31. Rh1 Rd8 32. Ke4 Rd2 33.
Be3 Rb2 34. Rh7 Be6 35. Nf5 Rxb3 36. Nh6 Bxc4 37. Kf4 Bc3 38. Nxf7 Bxf7 39. Rxf7 Bxe5+ 40. Kxe5 Rxe3+ 41. Kf4 Re1 42. Rh7 b5 43. axb5 cxb5 44. f7 Rf1+ 45. Ke5 a4 46. Ke6 Kb6 47. Rh6 Rxf7 48.
Kxf7+ Ka5 49. Ke6 a3 50. Kd5 a2 51. Rh8 Kb4 52. Ra8 Kb3 53. Kc5 c6 54. Kxc6 b4 55. Kb5 Kb2 56. Rxa2+ Kxa2 57. Kxb4 1/2-1/2

[Event "*** Titled Tuesday Blitz"]
[Site "Chess.com"]
[Date "2020.10.20"]
[Round "2"]
[White "AniJak"]
[Black "chessmadara"]
[Result "1-0"]
[WhiteElo "2394"]
[BlackElo "2120"]
[TimeControl "180+1"]
[EndTime "10:19:08 PDT"]
[Termination "AniJak won on time"]

1. e4 c5 2. Nf3 Nc6 3. d4 cxd4 4.
Nxd4 g6 5. c4 Bg7 6. Be3 Nf6 7.
Nc3 O-O 8. Be2 d6 9. O-O Bd7 10.
Kh1 Nxd4 11. Bxd4 Bc6 12. f3 a5 13. Rc1 a4 14. a3 Nd7 15. Bxg7 Kxg7 16. Nd5 Nc5 17. Nb4 h5 18. Re1 h4 19. h3 Qd7 20.
Bf1 Rfd8 21. Nd5 Bxd5 22. exd5 Re8 23. Rc3 Ra6 24. Qd4+ Kg8 25. Qxh4 Rb6 26. Rc2 Qf5 27.
Rce2 e6 28. dxe6 Nxe6 29. c5 dxc5 30. Qxa4 Rd8 31. Qa5 Rbd6 32. Re5 Qc2 33. R5e2 Qb3 34. Qc3 Qb6 35. Qc1 Qc6 36. f4 Nd4 37. Re5 Ne6 38.
f5 gxf5 39. Rxf5 Rd5 40. Rf3 Rh5 41. Rg3+ Kf8 42. Be2 Rh8 43. Bf3 Qd6 44. Qc3 Qxg3 45.
Qxh8+ Ke7 46. Qc3 b5 47. b4 cxb4 48. axb4 Qf2 49. Qe3 Qh4 50. Qa7+ Kf8 51. Qe3 Qxb4 52.
Bg4 Re8 53. Qh6+ Kg8 54. Rf1 Qe4 55. Bxe6 Rxe6 56. Qg5+ Qg6 57. Qxb5 Qg3 58. Qf5 Qg7 59. Qf3 Rg6 60. Kh2 Rg5 61. Rf2 Rg6 62. g3 Re6 63. h4 Rc6 64. Kh3 1-0

[Event "*** Titled Tuesday Blitz"]
[Site "Chess.com"]
[Date "2020.10.20"]
[Round "2"]
[White "Jospem"]
[Black "GothamChess"]
[Result "1/2-1/2"]
[WhiteElo "2949"]
[BlackElo "2616"]
[TimeControl "180+1"]
[EndTime "10:19:10 PDT"]
[Termination "Game drawn by stalemate"]

1. e4 c6 2. d4 d5 3. exd5 cxd5 4. Bd3 Nc6 5. c3 g6 6. Nf3 Nh6 7.
O-O Bg7 8. Re1 O-O 9. h3 Nf5 10. Bf4 Nd6 11. Nbd2 Bf5 12. Qe2 Bxd3 13. Qxd3 f6 14.
c4 Nf7 15. Qb3 Na5 16. Qb5 dxc4 17. Nxc4 Nxc4 18. Qxc4 Kh8 19. d5 Nd6 20. Qb3 Nf5 21.
Qxb7 g5 22. Bh2 h5 23. g4 hxg4 24. hxg4 Nh6 25. Rxe7 Rg8 26. Kg2 Rc8 27. Rh1 Rc4 28. Bg3 Kh7 29. Qd7 Qxd7 30. Rxd7 Rxg4 31. Rxa7 Kg6 32.
d6 f5 33. Kf1 f4 34. Bh2 Nf5 35. d7 Rd8 36. b4 Kf7 37. Rg1 Rxg1+ 38. Bxg1 g4 39.
Ng5+ Ke7 40. Bh2 Bd4 41. Ra5 g3 42. Bxg3 Nxg3+ 43. fxg3 fxg3 44. Kg2 Rxd7 45. Kxg3 Bc3 46. Rf5 Bxb4 47. Ne4 Rd4 48. Kf4 Bd2+ 49. Kf3 Bc1 50. Rb5 Rd3+ 51. Ke2 Ra3 52. Rb7+ Kd8 53. Kd1 Kc8 54.
Rb5 Bf4 55. Rc5+ Kd8 56. Rc2 Rd3+ 57. Nd2 Kd7 58. Ke2 Rxd2+ 59. Rxd2+ Bxd2 60. Kxd2 Kc7 61. Kc3 Kb8 62. a4 Ka8 63. Kb4 Kb8 64. a5 Ka8 65.
Kb5 Kb8 66. a6 Ka8 67. Kb6 Kb8 68. a7+ Ka8 69. Ka6 1/2-1/2

[Event "*** Titled Tuesday Blitz"]
[Site "Chess.com"]
[Date "2020.10.20"]
[Round "2"]
[White "tlomigtlis"]
[Black "ShcufNaiRolf"]
[Result "0-1"]
[WhiteElo "2575"]
[BlackElo "2339"]
[TimeControl "180+1"]
[EndTime "10:19:10 PDT"]
[Termination "ShcufNaiRolf won by checkmate"]

1. d4 d5 2. c4 c6 3. Nf3 Nf6 4. Nc3 e6 5. Bg5 Nbd7 6. e3 Qa5 7. cxd5 exd5 8. Bd3 h6 9. Bh4 g5 10. Bg3 Nh5 11. Qc2 Nxg3 12. hxg3 Bg7 13. O-O-O Nb6 14.
Rde1 Be6 15. a3 O-O-O 16. Nd2 Nd7 17. Nb3 Qc7 18. Kb1 Kb8 19. Rc1 Rc8 20. Na4 Qd6 21. Na5 Ka8 22. Qb3 Rc7 23. Rc2 b6 24. Rhc1 bxa5 25.
Qc3 Rb8 26. Qxa5 Nb6 27. Nc5 Bc8 28. Ba6 Nc4 29. Bxc4 dxc4 30. Rxc4 f5 31. Ra4 f4 32. gxf4 gxf4 33. Rcc4 Qe7 34. e4 Rb5 35. Qd2 Qf7 36. f3 h5 37. Rcb4 Bf8 38. Rc4 Bxc5 39. dxc5 Qd7 40.
Rd4 Qe7 41. b4 Kb7 42. Kb2 Qf7 43. Kc3 Qg7 44. Ra5 Rd7 45. Kc4 Rxd4+ 46. Qxd4 Qxd4+ 47. Kxd4 Rxa5 48. bxa5 Ka6 49. Ke5 Kxa5 50. Kxf4 Kb5 51.
Kg5 Kxc5 52. Kxh5 Kd6 53. g4 c5 54. g5 c4 55. g6 c3 56. f4 c2 57. g7 Be6 58.
Kg6 c1=Q 59. f5 Qg1+ 60. Kf6 Qa1+ 61. Kg6 Bg8 62. f6 Qa2 63. Kf5 Qe6+ 64. Kg5 Ke5 65. f7 Qxf7 66. Kh6 Qf6+ 67. Kh5 Qxg7 68. a4 Kf4 69. a5 Qg5# 0-1

[Event "*** Titled Tuesday Blitz"]
[Site "Chess.com"]
[Date "2020.10.20"]
[Round "2"]
[White "TrickyFortem"]
[Black "Abdimalik_Abdisalimov"]
[Result "0-1"]
[WhiteElo "2477"]
[BlackElo "2748"]
[TimeControl "180+1"]
[EndTime "10:19:11 PDT"]
[Termination "Abdimalik_Abdisalimov won by resignation"]

1. e4 c5 2. Nf3 d6 3. d4 cxd4 4.
Nxd4 Nf6 5. Nc3 a6 6. Bc4 b5 7. Bb3 e6 8. O-O Be7 9. Re1 O-O 10. a3 Bd7 11. Bg5 Nc6 12. Nf3 Na5 13. Ba2 Rc8 14. Bf4 Bc6 15. Qd2 Qb6 16. Rad1 Rfd8 17.
Nd5 Bxd5 18. exd5 e5 19. Bg5 Nc4 20. Bxc4 Rxc4 21. c3 Qb7 22. Bxf6 Bxf6 23. Qe3 g6 24. h3 Be7 25. g4 Rf8 26. Kg2 Rf4 27. Ng1 Bd8 28. f3 f5 29. Ne2 Bb6 30. Qd2 Rc4 31. Qg5 Kh8 32. Ng3 Rf4 33. Ne2 Rc4 34. Rf1 Qf7 35.
Ng3 Rf4 36. Ne2 Rc4 37. Rd3 Rc5 38. Rfd1 Bd8 39. Qe3 Bb6 40. Qg5 Rg8 41. Ng3 Rc4 42. Rf1 Bd8 43. Qd2 Bh4 44. Qe2 Rf8 45. Nh1 Rf4 46. Ng3 h5 47. gxf5 gxf5 48. Nh1 Rg8+ 49. Kh2 e4 50. Rd4 Bf6 51. Rd2 Be5 52. Rg1 Rxf3+ 53.
Ng3 h4 54. Kh1 hxg3 55. Qg2 Qh7 56. Rf2 Rxf2 0-1

[Event "*** Titled Tuesday Blitz"]
[Site "Chess.com"]
[Date "2020.10.20"]
[Round "2"]
[White "Lysiak_Poltorak"]
[Black "akanga001"]
[Result "1/2-1/2"]
[WhiteElo "2345"]
[BlackElo "1863"]
[TimeControl "180+1"]
[EndTime "10:19:11 PDT"]
[Termination "Game drawn - insufficient material"]

1. f4 g6 2. Nf3 Bg7 3. d4 Nh6 4. e4 d5 5. e5 Nf5 6. Bd3 O-O 7.
O-O Nh6 8. b3 Bf5 9. Bb2 Bxd3 10.
Qxd3 Na6 11. a3 Rc8 12. c4 c5 13. Nbd2 Nf5 14. cxd5 Qxd5 15. Qc4 Rfd8 16. Rac1 Qxc4 17.
Rxc4 cxd4 18. Rxc8 Rxc8 19. Nxd4 Nxd4 20. Bxd4 b6 21.
Ne4 Rc2 22. f5 Nc7 23. fxg6 hxg6 24. Ng5 Rd2 25. Bc3 Rd3 26. Bb4 Bxe5 27. Bxe7 f5 28. Re1 Bd4+ 29. Kf1 Rxb3 30. Bd8 Nd5 31. Re8+ Kg7 32. Ne6+ Kf7 33. Nxd4 Rb1+ 34. Re1 Ne3+ 35. Ke2 Rxe1+ 36. Kxe1 Nxg2+ 37. Ke2 Nf4+ 38. Kf3 Nd5 39. Bg5 Nc7 40. Ke2 b5 41. Kd3 a5 42. Nc6 b4 43.
a4 Na6 44. Nxa5 Nc5+ 45. Kc4 Nxa4 46. Kxb4 Nb6 47. Kc5 Nd7+ 48. Kd6 Nb6 49. Kc6 Na4 50. Nc4 Nc3 51. Kc5 Ne4+ 52. Kd5 Nxg5 53. Ke5 Nf3+ 54. Kf4 Nxh2 55. Nd6+ Kg7 56. Nc4 Kh6 57. Ne3 Kh5 58.
Nxf5 g5+ 59. Kg3 Ng4 60. Ng7+ Kg6 61. Kxg4 Kxg7 62. Kxg5 1/2-1/2

[Event "*** Titled Tuesday Blitz"]
[Site "Chess.com"]
[Date "2020.10.20"]
[Round "2"]
[White "ScarpaChess"]
[Black "ChainsOfFantasia"]
[Result "0-1"]
[WhiteElo "2438"]
[BlackElo "2470"]
[TimeControl "180+1"]
[EndTime "10:19:12 PDT"]
[Termination "ChainsOfFantasia won by resignation"]

1. d4 Nf6 2. Nf3 d5 3. Bf4 c5 4.
e3 Nc6 5. c3 Qb6 6. Qc1 cxd4 7.
exd4 Bf5 8. Nbd2 Rc8 9. a3 e6 10. Be2 h6 11. O-O Be7 12. h3 O-O 13. Re1 Ne4 14. Bd3 Nxd2 15. Qxd2 Bxd3 16. Qxd3 Na5 17. Rab1 Nc4 18. Ne5 Nxe5 19. Bxe5 Bd6 20. h4 Bxe5 21. Rxe5 Qa6 22. Qxa6 bxa6 23. Re3 Rb8 24. b3 Rb6 25. Kf1 Rfb8 26. b4 Rc8 27. Ke2 Kf8 28. Kd2 Ke7 29. a4 a5 30. Rb3 Rc4 31. b5 Rxa4 32. Re1 Ra2+ 33. Ke3 a4 34. Rb4 Kd6 35. Reb1 f6 36. c4 Ra3+ 37. Kf4 g5+ 38. hxg5 hxg5+ 39. Kg4 dxc4 40.
Rxc4 Ra2 41. Kg3 Ra3+ 42. Kg4 Rb3 43. Rxb3 axb3 44. Rb4 a6 45. Rxb3 axb5 46. Rb4 Kc6 47. Kh5 Ra6 48. Kg6 Ra4 49. Rb1 f5 50. Kxg5 Rxd4 51.
Rb2 b4 52. Kf6 Kd5 53. f3 Kc4 54. Ke5 Kc3 55. Rb1 Rd2 56. g4 fxg4 57. fxg4 Rg2 58.
Kxe6 Rxg4 59. Kf5 Rd4 60. Ke5 Rd8 61. Ke4 b3 62. Ke3 b2 0-1

[Event "*** Titled Tuesday Blitz"]
[Site "Chess.com"]
[Date "2020.10.20"]
[Round "2"]
[White "witcher8"]
[Black "abhidabhi"]
[Result "0-1"]
[WhiteElo "2438"]
[BlackElo "2801"]
[TimeControl "180+1"]
[EndTime "10:19:13 PDT"]
[Termination "abhidabhi won on time"]

1. e4 d5 2. exd5 Qxd5 3. Nc3 Qd6 4. Nf3 Nf6 5. d4 c6 6. Bc4 Bf5 7. O-O e6 8. Qe2 Be7 9. h3 O-O 10. Bg5 h6 11. Bh4 Nbd7 12. a3 Qc7 13. Rad1 Rad8 14.
Ne5 Nxe5 15. dxe5 Nd5 16. Nxd5 cxd5 17. Bxe7 Qxe7 18. Bd3 Bxd3 19. Rxd3 Rc8 20. c3 Rc6 21. f4 Rc4 22. f5 Re4 23. Re3 Qc5 24. Rf3 Rxe5 25.
Kh1 Rxe3 26. Rxe3 exf5 27. Re5 g6 28. Qd2 Rd8 29. Qxh6 Qd6 30. Qe3 Kg7 31. Re7 Qf6 32. Rxb7 d4 33. cxd4 Rxd4 34. Qe7 Qxe7 35. Rxe7 a5 36.
Ra7 a4 37. Rb7 Kf6 38. Kg1 Rd2 39. Rb4 Ke5 40. Kf1 f4 41. Rxa4 Rxb2 42. Ra7 f6 43. a4 Ra2 44. a5 g5 45. a6 f5 46. Re7+ Kf6 47. Ra7 g4 48. h4 Ra1+ 49. Kf2 g3+ 50.
Kf3 Rf1+ 51. Ke2 Rf2+ 52. Kd3 Rxg2 53. Ra8 Ra2 54. a7 Kg7 55. h5 g2 56. h6+ Kh7 57.
Rh8+ Kxh8 0-1

[Event "*** Titled Tuesday Blitz"]
[Site "Chess.com"]
[Date "2020.10.20"]
[Round "2"]
[White "Rozum_Ivan"]
[Black "FontVella8"]
[Result "0-1"]
[WhiteElo "2730"]
[BlackElo "2493"]
[TimeControl "180+1"]
[EndTime "10:19:14 PDT"]
[Termination "FontVella8 won by resignation"]

1. b3 e5 2. Bb2 d6 3. d4 exd4 4. Qxd4 Nc6 5. Qd2 Nf6 6. c4 g6 7. g3 Bg7 8. Bg2 O-O 9. Nc3 Re8 10. Nf3 Bf5 11. O-O Qd7 12. Rfe1 a6 13. Rad1 Ne4 14. Qc1 b5 15. Nxe4 Bxe4 16. Bxg7 Kxg7 17. c5 d5 18. Qf4 Rad8 19. h4 f6 20. Kh2 Qe7 21. Bh3 Qxc5 22.
Kg1 Qd6 23. Qxd6 Rxd6 24. Nd2 Nd4 25. Rc1 c6 26. e3 Nf3+ 27. Nxf3 Bxf3 28. Bg2 Bxg2 29.
Kxg2 f5 30. Rc5 Kf6 31. Rec1 Ree6 32. Kf3 Ke7 33. Rd1 Kd7 34. Rd4 Re4 35. Rc1 Rxd4 36.
exd4 Re6 37. Rd1 a5 38. Kf4 Re4+ 39. Kg5 Re2 40. Kh6 Ke6 41. Kxh7 Kf6 42. Rc1 Re7+ 43.
Kh6 Rc7 44. f3 Rc8 45. Kh7 g5 46. hxg5+ Kxg5 47. Kg7 f4 48. g4 Kh4 49. Kf6 Kg3 50. Rc3 b4 51. Rd3 Kf2 52. Rd1 Kxf3 53. g5 Ke2 54. Rh1 f3 55. g6 f2 56. Rh2 Ke1 57.
Rxf2 Kxf2 58. g7 Ke3 59. Ke5 Kd3 60. Kd6 Kxd4 0-1

[Event "*** Titled Tuesday Blitz"]
[Site "Chess.com"]
[Date "2020.10.20"]
[Round "2"]
[White "Ziachess74"]
[Black "Shahinyan_ChessMood"]
[Result "1-0"]
[WhiteElo "2490"]
[BlackElo "2724"]
[TimeControl "180+1"]
[EndTime "10:19:14 PDT"]
[Termination "Ziachess74 won by resignation"]

1. d4 Nf6 2. Bg5 d5 3. e3 Nbd7 4. Nf3 h6 5. Bh4 g5 6. Bg3 Ne4 7. Nbd2 f5 8. Nxe4 fxe4 9. Ne5 Nf6 10. Be2 h5 11. h4 g4 12. c4 e6 13. Qb3 c6 14. O-O-O Qb6 15. Qc2 Bg7 16. f3 Bd7 17.
fxg4 hxg4 18. Nxg4 Nxg4 19. Bxg4 O-O-O 20. Bf4 Rdg8 21. Be2 Bf6 22. g3 Be8 23. Kb1 Bh5 24. Bxh5 Rxh5 25. Qe2 Rh7 26. h5 Bg5 27. Qg4 Qd8 28.
Qxe6+ Rd7 29. h6 Bxf4 30. gxf4 Re8 31. Qh3 Rh8 32. cxd5 cxd5 33. Rdg1 Kb8 34. Rg6 a6 35. Rhg1 Ka7 36. Qe6 Rdh7 37. f5 Qa5 38. a3 Qb5 39.
Ka1 Rc7 40. Rb1 Rhc8 41. Rg7 Rc1 42. Rg1 Rxg1 43. Rxg1 Rc2 44. Rb1 Rh2 45. Qg6 Re2 46. h7 Rxe3 47. h8=Q Qa5 48. Qf8 Re1 49. Qb4 Rxb1+ 50.
Kxb1 Qc7 51. Qc5+ Qxc5 52. dxc5 1-0

[Event "*** Titled Tuesday Blitz"]
[Site "Chess.com"]
[Date "2020.10.20"]
[Round "2"]
[White "nurgyulsalimova"]
[Black "Srisshhhtea"]
[Result "1-0"]
[WhiteElo "2662"]
[BlackElo "2264"]
[TimeControl "180+1"]
[EndTime "10:19:16 PDT"]
[Termination "nurgyulsalimova won by checkmate"]

1. c4 e6 2. Nf3 d5 3. d4 Nf6 4. g3 Be7 5. Bg2 O-O 6. Nc3 dxc4 7. Ne5 Qd6 8. Nxc4 Qa6 9. b3 Nc6 10. O-O Rd8 11. e3 Rb8 12. a4 Na5 13. Ne5 c5 14.
Nb5 Qb6 15. Ba3 a6 16. dxc5 Rxd1 17. cxb6 Rxf1+ 18. Kxf1 Bxa3 19. Nxa3 Nxb3 20. Rd1 Kf8 21. Nac4 Ke7 22. Nd6 Bd7 23. Bxb7 Nc5 24. Nc6+ Bxc6 25. Bxc6 Rd8 26. b7 Nxb7 27. Bxb7 Rxd6 28. Rxd6 Kxd6 29.
Bxa6 Nd7 30. Ke2 Kc5 31. Bd3 h6 32. f4 Kb4 33. Bb5 Nc5 34. Be8 f6 35. Kf3 Nxa4 36.
Kg4 Nc3 37. Kh5 Nd1 38. e4 Nf2 39. Bc6 Kc5 40. Ba8 g5 41. Kxh6 gxf4 42. gxf4 Kd6 43. Kg7 Ke7 44. h4 Ng4 45. h5 f5 46. exf5 exf5 47. h6 Nf6 48. h7 Nxh7 49. Kxh7 Kf6 50. Kh6 Ke6 51. Kg6 Ke7 52. Kxf5 Kf7 53. Ke5 Kg7 54.
f5 Kf7 55. f6 Kg6 56. Ke6 Kh7 57. f7 Kg6 58. f8=Q Kg5 59. Qf5+ Kh4 60. Qg6 Kh3 61. Kf5 Kh2 62. Qg2# 1-0

[Event "*** Titled Tuesday Blitz"]
[Site "Chess.com"]
[Date "2020.10.20"]
[Round "2"]
[White "C_K_G"]
[Black "Carnivoras"]
[Result "0-1"]
[WhiteElo "2089"]
[BlackElo "2637"]
[TimeControl "180+1"]
[EndTime "10:19:16 PDT"]
[Termination "Carnivoras won on time"]

1. e4 e5 2. Nf3 Nc6 3. Bc4 Nf6 4. Ng5 d5 5. exd5 Na5 6. Bb5+ c6 7. dxc6 bxc6 8.
Qf3 Be7 9. Bxc6+ Nxc6 10. Qxc6+ Bd7 11. Qc4 O-O 12. Nc3 Rc8 13. Qe2 h6 14. Nf3 e4 15.
Ne5 Bf5 16. h3 h5 17. Nc4 Qd7 18. Ne3 Be6 19. b3 a5 20. a4 Rfd8 21. Bb2 Bb4 22. O-O-O Rc7 23. Kb1 Rdc8 24. g4 hxg4 25. hxg4 Nxg4 26.
Nxe4 Qc6 27. Nc3 Nxe3 28. fxe3 Rb7 29. Qd3 Kf8 30. Rh8+ Ke7 31. Rxc8 Qxc8 32. Nd5+ Bxd5 33. Qxd5 f6 34. Qe4+ Kf7 35. Rg1 Re7 36. Qg6+ Kf8 37. Rh1 Kg8 38. Qh5 Qe6 39. Qh8+ Kf7 40. Qh5+ Kf8 41. Qxa5 Bxa5 42. Ba3 Kf7 43. Bxe7 Qxe7 44.
Rh4 Bxd2 45. Rh3 Bc3 46. Kc1 Be5 47. Kd1 Qa3 48. Ke2 Qa1 49. Kd3 Qb2 50. Rf3 Qc3+ 51. Ke2 Qxc2+ 52. Kf1 Qxb3 53. Kg2 Qxa4 54. Kh3 Qe4 55.
Kg2 g5 56. Kf2 g4 0-1

[Event "*** Titled Tuesday Blitz"]
[Site "Chess.com"]
[Date "2020.10.20"]
[Round "2"]
[White "Kaua18"]
[Black "Sadykov_Ramil"]
[Result "0-1"]
[WhiteElo "2316"]
[BlackElo "2551"]
[TimeControl "180+1"]
[EndTime "10:19:16 PDT"]
[Termination "Sadykov_Ramil won on time"]

1. e4 e5 2. Nf3 Nf6 3. d4 exd4 4.
e5 Ne4 5. Qxd4 d5 6. exd6 Nxd6 7. Bd3 Nc6 8. Qc3 Bg4 9. O-O Bxf3 10. Re1+ Be7 11.
Qxg7 Kd7 12. Bxh7 Bd5 13. Nc3 Be6 14. Bf4 Bf6 15. Qh6 Bxc3 16. bxc3 Qf8 17. Qxf8 Raxf8 18. Bd3 Ne7 19. Rab1 b6 20. c4 Nxc4 21. Rbd1 Nd6 22. Bb5+ Kc8 23. Bxd6 cxd6 24. Rxd6 Rd8 25. Ba6+ Kc7 26. Rxd8 Rxd8 27. f3 Rd2 28. a4 Rxc2 29. Ra1 Nd5 30. a5 Ne3 31. axb6+ Kxb6 32. Bf1 Nxf1 33.
Kxf1 a5 34. h4 Rc4 35. g4 f5 36. gxf5 Bxf5 37. h5 Rh4 38. Kg2 Rxh5 39. Kg3 Rh3+ 40. Kf4 Bd7 41. Ke4 Bc6+ 42. Kd4 Rxf3 43. Rb1+ Bb5 44. Ke4 Ra3 45. Kd4 Ra4+ 46. Kd5 Rb4 47. Rg1 Bc6+ 48. Kd6 a4 49. Rg8 Rd4+ 50. Ke5 Rd1 51. Rb8+ Kc5 52. Rb2 a3 53. Rc2+ Kb5 54. Ra2 Kb4 55. Rc2 Ba4 56. Rc7 a2 57. Rb7+ Ka3 0-1